 Dungeon Crawl Stone Soup version 0.27.1-3-gb3d3a73c9e (webtiles) character file.

Game seed: 17392560964261141181

3446 TheGamechu the Ducker (level 10, -2/73 HPs)
             Began as a Djinni Ice Elementalist on Oct 5, 2021.
             Was an Elder of Lugonu.
             Slain by a killer bee (7 damage)
             ... on level 8 of the Dungeon.
             The game lasted 00:38:44 (7258 turns).

TheGamechu the Ducker (Djinni Ice Elementalist)     Turns: 7258, Time: 00:38:45

Health: -2/73      AC:  2    Str:  7    XL:     10   Next: 26%
Gold:   368        EV: 17    Int: 24    God:    Lugonu [****..] SH:  0 Dex: 20

rFire    + + .     SeeInvis .   u - +7 dagger of Hicicucw {flame, Dex+5}
rCold    x . .     Faith    .   (no shield)
rNeg     . . .     Spirit   .   q - +0 robe of Ru's Benevolence {Int+5}
rPois    ∞         Reflect  .   (no helmet)
rElec    .         Harm     .   (no cloak)
rCorr    .         Rampage  .   (no gloves)
Will     +....                  (boots unavailable)
Stlth    +++.......             e - amulet of regeneration
HPRegen  1.22/turn              (no ring)
MPRegen  0.00/turn              (no ring)

@: mighty, flying
A: sickness immunity, fire resistance 2, cold vulnerability 1, float, innate
caster, hp casting, extra vitality 1
a: Renounce Religion, Depart the Abyss, Bend Space, Banish, Corrupt


You were on level 8 of the Dungeon.
You worshipped Lugonu.
Lugonu was greatly pleased with you.
You visited 1 branch of the dungeon, and saw 8 of its levels.

You collected 398 gold pieces.
You spent 30 gold pieces at shops.

Inventory:

Hand Weapons
 t - a +3 trident
 u - the +7 dagger of Hicicucw (weapon) {flame, Dex+5}
   (You found it on level 6 of the Dungeon)

   It burns those it strikes, dealing additional fire damage.
   Dex:       It affects your dexterity (+5).
 B - a +0 falchion
Missiles
 c - 3 javelins
 f - 8 boomerangs (quivered)
 n - 31 poisoned darts
 r - 7 curare-tipped darts
 s - 5 atropa-tipped darts
Armour
 q - the +0 robe of Ru's Benevolence (worn) {Int+5}
   (You found it on level 5 of the Dungeon)

   Int:       It affects your intelligence (+5).
Magical Staves
 l - a staff of earth
 m - a staff of poison
Jewellery
 e - an amulet of regeneration (around neck)
 x - a +4 ring of evasion
Scrolls
 b - a scroll of teleportation
 g - 3 scrolls of amnesia {unknown}
 h - a scroll of summoning {unknown}
 i - 2 scrolls of enchant armour
 k - 3 scrolls of identify
 o - a scroll of enchant weapon
 w - a scroll of holy word {unknown}
Potions
 a - 2 potions of degeneration {unknown}
 d - 2 potions of might
 j - 2 potions of lignification
 p - a potion of magic {unknown}
 v - a potion of experience {unknown}
 z - a potion of cancellation {unknown}
 A - 4 potions of haste {unknown}
 C - a potion of berserk rage {unknown}


   Skills:
 + Level 6.6 Fighting
 - Level 3.0 Long Blades
 + Level 7.7 Dodging
 - Level 3.5 Stealth
 + Level 6.1 Spellcasting
 + Level 5.4 Invocations


You had one spell level left.
You knew the following spells:

 Your Spells              Type           Power      Damage    Failure   Level
a - Freeze                Ice            100%       1d11      1%          1
b - Frozen Ramparts       Ice            74%        1d9       1%          3
c - Ozocubu's Armour      Ice            37%        N/A       1%          3
d - Hailstorm             Conj/Ice       37%        3d9       6%          4
e - Apportation           Tloc           74%        N/A       1%          1
f - Corpse Rot            Necr/Air       N/A        N/A       1%          2
g - Call Canine Familiar  Summ           37%        N/A       1%          3
h - Portal Projectile     Hex/Tloc       74%        N/A       1%          3
Your spell library was empty.

Dungeon Overview and Level Annotations

Branches:
Dungeon (8/15)             Temple (0/1) D:6
   Lair: D:8-11

Altars:
Cheibriados
Uskayaw
Yredelemnul
The Shining One
Lugonu

Shops:
D:4 (   D:7 *


Innate Abilities, Weirdness & Mutations

You are immune to sickness and miasma.
You are immune to poison.
Your flesh is very heat resistant. (rF++)
You are vulnerable to cold. (rC-)
You float through the air rather than walking.
You learn spells naturally, not from books.
Your magical power is your life essence.
You have superior vitality. (+4 HP)


Message History

A cannonade of hail descends around you!
The hail pelts the orc priest!
You kill the orc priest!
Lugonu accepts your kill. The killer bee closely misses you.
The killer bee stings you but does no damage.
The wight closely misses you. The killer bee barely misses you.
The killer bee misses you.
Your icy armour will break if you move.
Continue?
Okay, then.
Press: ? - help, Shift-Dir - straight line, f - wight
Aim: a wight, wielding a +3 dagger and wearing a +0 robe (chance to affect: 83%)
You fail to use your ability.
The killer bee closely misses you. The killer bee stings you!
The wight hits you with a +3 dagger.
* * * LOW HITPOINT WARNING * * *
The killer bee stings you but does no damage.
The killer bee barely misses you.
You feel very mighty all of a sudden. The killer bee closely misses you.
The killer bee completely misses you. The wight misses you.
The killer bee barely misses you. The killer bee closely misses you.
You are too injured to fight recklessly!
You are too injured to fight recklessly!
Your icy armour will break if you move.
Continue?
Your icy armour cracks and falls away as you move.
The wight hits you with a +3 dagger.
* * * LOW HITPOINT WARNING * * *
The killer bee misses you. The killer bee barely misses you.
The wight hits you with a +3 dagger.
* * * LOW HITPOINT WARNING * * *
The killer bee barely misses you. The killer bee stings you.
* * * LOW HITPOINT WARNING * * *
The killer bee completely misses you. The killer bee misses you.
The killer bee barely misses you. The killer bee misses you.
The killer bee stings you!
* * * LOW HITPOINT WARNING * * *
The killer bee stings you.
* * * LOW HITPOINT WARNING * * *
The killer bee closely misses you. The killer bee stings you!
You die...

#.<..'.......#.....
######.......#.....#
##......#.....#
#......#.....##
#......#......# ....#
##......#......# ....#
#.......#......## ....#
#.........y.....##....#
#####........@y.z.........#
#...'......#...D..........#.
#.###....#.#.....)..........
#.# #......#####'#....))....
#.# #............######.....
##.###............# ....
#....'............# . .
######...#.......##
#####.......#


You could see a steam dragon, 2 killer bees and a wight.

Vanquished Creatures
  A centaur zombie (D:7)
  A wyvern (D:8)
  Edmund (D:4)
  Duvessa (D:5)
  A black bear (D:6)
  An orc warrior (D:6)
  A sky beast (D:7)
  An ice beast (D:7)
  A necrophage (D:5)
  3 centaurs
  A phantom (D:6)
  3 kobold brigands
  2 bullfrogs
  Dowan (D:5)
  A gnoll sergeant (D:6)
  A scorpion (D:5)
  4 killer bees (D:8)
  5 wights
  A bullfrog skeleton (D:6)
  2 orc priests
  Crazy Yiuf (D:3)
  3 hounds
  2 gnoll shamans
  A centaur skeleton (D:6)
  3 iguanas
  3 orc wizards
  A howler monkey zombie (D:6)
  8 gnolls
  7 adders
  2 ufetubi (D:6)
  An adder skeleton (D:5)
  2 worms
  A dart slug (D:1)
  11 orcs
  9 ball pythons
  5 endoplasms
  3 giant cockroaches (D:1)
  10 hobgoblins
  2 jackals (D:3)
  3 quokkas (D:3)
  9 bats
  7 frilled lizards
  9 goblins
  18 kobolds
  6 rats
160 creatures vanquished.

Vanquished Creatures (collateral kills)
  A sky beast (D:6)
  A bullfrog (D:6)
  A scorpion (D:5)
  A water moccasin skeleton (D:5)
  2 wights (D:4)
  A hound (D:6)
  2 jellies (D:6)
  An orc wizard (D:6)
  A gnoll (D:6)
  An orc (D:6)
12 creatures vanquished.

Vanquished Creatures (others)
  6 plants (D:6)
6 creatures vanquished.

Grand Total: 178 creatures vanquished

Notes
Turn   | Place    | Note
-------+----------+-------------------------------------------
     0 | D:1      | TheGamechu the Djinni Ice Elementalist began the quest for
                  | the Orb.
     0 | D:1      | Reached XP level 1. HP: 15/15 MP: 0/0
   333 | D:1      | Reached XP level 2. HP: 22/22 MP: 0/0
   422 | D:1      | Reached skill level 1 in Fighting
   422 | D:1      | Reached XP level 3. HP: 27/27 MP: 0/0
   422 | D:1      | Learned a level 1 spell: Apportation
   699 | D:1      | You are sucked into a shaft and drop 1 floor!
  1106 | D:2      | Found a faded altar of an unknown god.
  1139 | D:2      | Became a worshipper of Lugonu the Unformed
  1139 | D:2      | Reached * piety under Lugonu
  1139 | D:2      | Reached ** piety under Lugonu
  1198 | D:2      | Reached XP level 4. HP: 32/32 MP: 0/0
  1262 | D:2      | Reached skill level 3 in Dodging
  1606 | D:3      | Found a glowing golden altar of the Shining One.
  1789 | D:3      | Reached XP level 5. HP: 38/38 MP: 0/0
  1789 | D:3      | Learned a level 2 spell: Corpse Rot
  2093 | D:3      | Found a runed translucent door.
  2094 | D:3      | Noticed Crazy Yiuf
  2142 | D:3      | Reached *** piety under Lugonu
  2275 | D:3      | Killed Crazy Yiuf
  2385 | D:4      | Found Lelox's Antique Weapon Boutique.
  2408 | D:4      | Reached XP level 6. HP: 44/45 MP: 0/0
  2807 | D:4      | Found a hide-covered altar of Uskayaw.
  2891 | D:4      | Noticed Edmund
  2940 | D:5      | Entered Level 5 of the Dungeon
  3175 | D:5      | Reached skill level 4 in Dodging
  3321 | D:5      | Noticed a necrophage
  3369 | D:5      | Killed a necrophage
  3370 | D:5      | Reached XP level 7. HP: 45/50 MP: 0/0
  3370 | D:5      | Learned a level 3 spell: Call Canine Familiar
  3783 | D:5      | Noticed Duvessa
  3783 | D:5      | Noticed Dowan
  3803 | D:5      | Killed Duvessa
  3803 | D:5      | Killed Dowan
  3804 | D:5      | Reached skill level 1 in Invocations
  3824 | D:5      | Found a basalt altar of Yredelemnul.
  3928 | D:5      | Identified the +0 robe of Ru's Benevolence {Int+5}
  4825 | D:4      | Reached XP level 8. HP: 49/58 MP: 0/0
  4855 | D:4      | Reached skill level 5 in Dodging
  5066 | D:4      | Killed Edmund
  5259 | D:6      | Identified the +7 dagger of Hicicucw {flame, Dex+5}
  5326 | D:6      | Reached skill level 1 in Long Blades
  5649 | D:6      | Reached skill level 5 in Spellcasting
  5729 | D:6      | Reached **** piety under Lugonu
  5758 | D:6      | Reached XP level 9. HP: 62/64 MP: 0/0
  5758 | D:6      | Learned a level 3 spell: Portal Projectile
  5784 | D:6      | Reached skill level 6 in Dodging
  5800 | D:6      | Reached skill level 5 in Fighting
  6024 | D:6      | Found a snail-covered altar of Cheibriados.
  6119 | D:6      | Found a staircase to the Ecumenical Temple.
  6257 | D:7      | Found Tovu Nir's Assorted Antiques.
  6260 | D:7      | Bought a scroll labelled ZIOFUF ICOAW for 30 gold pieces
  6695 | D:7      | Reached skill level 7 in Dodging
  7004 | D:8      | Reached XP level 10. HP: 65/72 MP: 0/0
  7043 | D:8      | HP: 2/72 [killer bee (8)]
  7107 | D:8      | Reached skill level 5 in Invocations
  7258 | D:8      | Slain by a killer bee

Illustrated notes

Levels and vault maps discovered:
D:1:      enne_arrival_octagon_isle, layout_basic, interstate_on_off,
          minmay_misc_feat_five
D:2:      layout_rooms, basic_ecumenical_altar
D:3:      layout_loops_ring, tso_metal_star, uniq_crazy_yiuf_cottage
D:4:      layout_loops_cross, mainiacjoe_overflow_cross_hatched, serial_shops,
          nicolae_square_shop, minmay_unequal, uniq_edmund
D:5:      layout_basic, mainiacjoe_overflow_alcove_1, uniq_duvessa
D:6:      kennysheep_housing_project, layout_gridville,
          mainiacjoe_overflow_small_starburst, minmay_temple_entry_junction
D:7:      layout_loops_ring, serial_shops, shop
D:8:      layout_basic

Skill      XL: |  1  2  3  4  5  6  7  8  9 10 |
---------------+-------------------------------+-----
Fighting       | 1 2 3 4 6 |  6.6
Stealth        | 2 3 |  3.5
Dodging        | 3 4 5 7 |  7.7
Spellcasting   | 4 5 6 |  6.1
Invocations    | 1 3 4 5 |  5.4
Long Blades    | 2 3 |  3.0

Action                   |  1- 3 |  4- 6 |  7- 9 | 10-12 || total
-------------------------+-------+-------+-------+-------++-------
Melee: Hunting sling     |     1 |     4 |       |       ||     5
       Dagger            |       |    35 |   130 |    15 ||   180
       Trident           |       |       |    22 |       ||    22
       Great sword       |       |       |     8 |       ||     8
 Fire: Hunting sling     |    61 |   216 |       |       ||   277
Throw: Javelin           |       |     3 |       |       ||     3
       Boomerang         |       |     2 |    10 |       ||    12
 Cast: Freeze            |    21 |    11 |     3 |     4 ||    39
       Frozen Ramparts   |     4 |    11 |    12 |     3 ||    30
       Ozocubu's Armour  |     1 |    10 |    11 |     7 ||    29
       Corpse Rot        |       |     4 |     1 |       ||     5
       Call Canine Famil |       |       |    34 |     1 ||    35
       Hailstorm         |       |       |    12 |    11 ||    23
       Portal Projectile |       |       |     1 |       ||     1
Invok: Bend Space        |       |     2 |       |       ||     2
       Banish            |       |       |       |     1 ||     1
  Use: Scroll            |     1 |     6 |     6 |     1 ||    14
       Potion            |       |     1 |     1 |     3 ||     5
 Stab: Distracted        |       |       |     1 |       ||     1
       Sleeping          |       |       |     5 |       ||     5
Armor: Robe              |    13 |    28 |    31 |     8 ||    80
Dodge: Dodged            |    29 |   110 |   132 |    59 ||   330
       Rpst.: Great sword |       |       |     3 |       ||     3
